 Dungeon Crawl Stone Soup version 0.31.0-11-ge490571c62 (webtiles) character file.

Game seed: 4467532454129142282

231 jagang the Trooper (level 6, -1/43 (48) HPs)
             Began as a Human Monk on Jan 26, 2024.
             Slain by a wight
             ... wielding a +3 morningstar of freezing
              (2 damage)
             ... on level 4 of the Dungeon.
             The game lasted 00:08:52 (2635 turns).

jagang the Trooper (Human Monk)                     Turns: 2635, Time: 00:08:53

HP:   -1/43 (48)    AC:  7    Str: 12    XL:     6   Next: 3%
MP:   7/7           EV: 10    Int: 10    God:
Gold: 138           SH:  0    Dex: 17    Spells: 5/5 levels left

rFire   . . .        j - +4 dagger
rCold   . . .        d - orb {light}
rNeg    . . .        t - +0 scale mail
rPois   .            f - +0 helmet
rElec   .            (no cloak)
rCorr   .            (no gloves)
SInv    .            (no boots)
Will    .....        (no amulet) Stlth
                     (no ring)
HPRegen 0.27/turn    (no ring)
MPRegen 0.10/turn

%: no passive effects
@: glowing, heavily drained
A: explore regen
a: no special abilities


You were on level 4 of the Dungeon.
You visited 1 branch of the dungeon, and saw 4 of its levels.

You collected 138 gold pieces.

Inventory:

Hand Weapons
 a - a +0 falchion
 j - a +4 dagger (weapon)
 n - the +0 whip "Acice" {speed, +Blink rElec rPois Int-5 Stlth+}
   (You found it on level 2 of the Dungeon)

   Int-5:     It affects your intelligence (-5).
   rElec:     It insulates you from electricity.
   rPois:     It protects you from poison +Blink: It lets you blink.
   Stlth+:    It makes you more stealthy.
Missiles
 p - 4 javelins
 v - 11 poisoned darts (quivered)
Armour
 d - an orb of light (worn)
 f - a +0 helmet (worn)
 t - a +0 scale mail (worn)
Jewellery
 k - a +6 ring of intelligence
Scrolls
 g - 2 scrolls of blinking
 h - a scroll of fear {unknown}
 i - a scroll of noise {unknown}
 l - a scroll of poison {unknown}
 o - a scroll of fog
 q - a scroll of torment {unknown}
 s - a scroll of silence {unknown}
 u - a scroll of summoning {unknown}
 w - a scroll of identify {unknown}
Potions
 b - 2 potions of heal wounds {unknown}
 c - a potion of ambrosia
 e - 2 potions of berserk rage {unknown}
 m - 2 potions of enlightenment {unknown}
 r - 2 potions of curing {unknown}
 x - a potion of might {unknown}


   Skills:
 * Level 4.2 Fighting
 * Level 4.1 Long Blades
 + Level 1.7 Throwing
 * Level 2.6 Armour
 - Level 3.0 Dodging
 + Level 1.4 Invocations


You had 5 spell levels left.
You didn't know any spells.
Your spell library was empty.

Dungeon Overview and Level Annotations

Branches:
Dungeon (4/15)
 Temple: D:4-7

Altars:
Trog
Wu Jian

Shops:
D:2 :


Innate Abilities, Weirdness & Mutations

You regain HP and MP as you explore.


Message History

You hit the adder.
The adder is heavily wounded.
The adder bites you but does no damage.
You hit the adder.
The adder is almost dead.
The adder closely misses you.
You hit the adder.
You kill the adder!
You have reached level 6!
You see here an adder corpse.
A wight comes into view.
It is wielding a +3 morningstar of freezing.
You hit the wight but do no damage. You hit the wight.
The wight is moderately damaged.
The wight hits you with a +3 morningstar of freezing!
The wight freezes you.
You hit the wight but do no damage.
The wight is moderately damaged.
The wight barely misses you.
You hit the wight but do no damage.
The wight is moderately damaged.
You hit the wight.
The wight is heavily damaged.
The wight hits you with a +3 morningstar of freezing!
You feel drained. The wight freezes you.
* * * LOW HITPOINT WARNING * * *
You barely miss the wight.
The wight is heavily damaged.
The wight hits you with a +3 morningstar of freezing.
* * * LOW HITPOINT WARNING * * *
You feel drained.
* * * LOW HITPOINT WARNING * * *
The wight freezes you.
* * * LOW HITPOINT WARNING * * *
You hit the wight.
The wight is severely damaged.
The wight hits you with a +3 morningstar of freezing.
* * * LOW HITPOINT WARNING * * *
You feel drained.
You die...

#####.##........
#...#†##.##.....
###.#......##.....
#.....#...........
#.##..##########.#
#.#...# #.#
#.#.#.# #.#
#.#...# #@#.#.#
#z....# ###.##.#
.# . #. #. ##


You could see a wight.

Vanquished Creatures
  A scorpion (D:4)
  Jessica (D:3)
  An orc wizard (D:3)
  Robin (D:3)
  4 adders
  3 dart slugs
  2 ribbon worms
  2 orcs (D:3)
  6 endoplasms
  A giant cockroach (D:3)
  12 goblins
  6 hobgoblins
  7 ball pythons
  2 bats (D:1)
  3 frilled lizards
  5 kobolds
  7 rats
64 creatures vanquished.

Notes
Turn   | Place    | Note
-------+----------+-------------------------------------------
     0 | D:1      | jagang the Human Monk began the quest for the Orb.
     0 | D:1      | Reached XP level 1. HP: 18/18 MP: 1/1
   211 | D:1      | Reached XP level 2. HP: 24/24 MP: 2/2
   380 | D:1      | Reached skill level 1 in Armour
   464 | D:1      | You fall into a shaft and drop 1 floor!
   543 | D:2      | Found Waxo's Book Boutique.
   895 | D:2      | Identified the +0 whip "Acice" {speed, +Blink rElec rPois
                  | Int-5 Stlth+}
  1045 | D:2      | Reached XP level 3. HP: 29/29 MP: 3/3
  1564 | D:3      | Found an ornate altar of the Wu Jian Council.
  1638 | D:3      | Found a bloodstained altar of Trog.
  1703 | D:3      | Noticed Jessica
  1705 | D:3      | Reached skill level 1 in Throwing
  1708 | D:3      | Reached XP level 4. HP: 25/35 MP: 4/4
  1711 | D:3      | Killed Jessica
  1772 | D:3      | Noticed Robin
  1795 | D:3      | Killed Robin
  2321 | D:4      | Reached skill level 1 in Invocations
  2321 | D:4      | Reached XP level 5. HP: 42/42 MP: 5/5
  2618 | D:4      | Reached XP level 6. HP: 48/48 MP: 7/7
  2635 | D:4      | HP: 1/45 [wight/+3 morningstar of freezing (5)]
  2635 | D:4      | Slain by a wight

Illustrated notes

Levels and vault maps discovered:
D:1:      amcnicky_arrival_underground_garden, layout_basic,
          grunt_decor_arrowhead, serial_bayou_pond_d, solitary_fountain
D:2:      layout_basic, serial_shops, nicolae_shop_stone
D:3:      layout_rooms, old_standard_altar, bloody_trog, uniq_robin,
          uniq_jessica
D:4:      layout_loops_corners, nicolae_overflow_hidden_temple, st_stairs_9,
          grunt_decor_cap

Skill      XL: |  1  2  3  4  5 |
---------------+----------------+-----
Armour         | 1 2 |  2.6
Throwing       | 1 |  1.7
Invocations    | 1 |  1.4
Fighting       | 4 |  4.2
Long Blades    | 4 |  4.1
Dodging        | |  3.0

Action                     |  1- 3 |  4- 6 || total
---------------------------+-------+-------++-------
  Melee: Falchion          |    31 |       ||    31
         Dagger            |    45 |    80 ||   125
  Throw: Dart              |       |     9 ||     9
         Javelin           |       |     5 ||     5
    Use: Scroll            |     2 |       ||     2
 Armour: Robe              |    22 |       ||    22
         Scale mail        |     8 |    52 ||    60
  Dodge: Dodged            |    32 |    35 ||    67
